 Dungeon Crawl Stone Soup version 0.21.1-1-g345015fe64 (webtiles) character file.

8325 JOKERXD40 the Cleaver (level 11, -10/95 HPs)
             Began as a Hill Orc Fighter on June 15, 2018.
             Was an Elder of Beogh.
             Shot with a bolt by an orc warrior (13 damage)
             ... on level 2 of the Orcish Mines on June 19, 2018.
             The game lasted 00:48:08 (8965 turns).

JOKERXD40 the Cleaver (Hill Orc Fighter)            Turns: 8965, Time: 00:48:09

Health: -10/95     AC: 19    Str: 26    XL:     11   Next: 29%
Magic:  2/11       EV: 12    Int: 13    God:    Beogh [****..]
Gold:   630        SH:  0    Dex: 11    Spells: 10/10 levels left

rFire    + . .     SeeInvis .   c - +4 battleaxe
rCold    + . .     Gourm    .   (shield currently unavailable)
rNeg     . . .     Faith    .   N - +1 plate armour
rPois    +         Spirit   .   (no helmet)
rElec    +         Reflect  .   g - +0 cloak
rCorr    +         Harm     .   i - +2 pair of gloves
MR       .....                  (no boots)
Stlth    ..........             o - amulet of regeneration
HPRegen  0.65/turn              E - +4 ring of evasion
MPRegen  0.12/turn              x - ring of Vax Rodd {*Drain rElec Str+4 Int+5}

@: resistant, flying, hasted, very quick
A: no striking features
a: Smiting, Recall Orcish Followers, Renounce Religion


You were on level 2 of the Orcish Mines.
You worshipped Beogh.
Beogh was greatly pleased with you.
You were not hungry.

You visited 2 branches of the dungeon, and saw 11 of its levels.

You collected 630 gold pieces.

Inventory:

Hand Weapons
 a - a +0 war axe
 c - a +4 battleaxe (weapon)
 j - a +0 battleaxe of chopping
 L - a +0 trident
 M - a +0 spear
Missiles
 u - 19 tomahawks (quivered)
Armour
 g - a +0 cloak (worn)
 i - a +2 pair of gloves (worn)
 l - a +0 chain mail
 K - a +2 scale mail of cold resistance
 N - a +1 plate armour (worn)
Magical Staves
 A - an uncursed staff of summoning {unknown}
Jewellery
 n - a +3 ring of protection
 o - an amulet of regeneration (around neck)
 x - the ring of Vax Rodd (right hand) {*Drain rElec Str+4 Int+5}
   (You found it on level 5 of the Dungeon)

   [ring of intelligence]

   It affects your strength (+4).
   It affects your intelligence (+5).
   It insulates you from electricity.
   It causes draining when unequipped.
 D - a +2 ring of slaying
 E - a +4 ring of evasion (left hand)
 F - an uncursed ring of ice {unknown}
Wands
 B - a wand of digging (11)
 G - a wand of flame (48)
 J - a wand of paralysis (16)
Scrolls
 b - 3 scrolls of identify
 h - 2 scrolls of blinking
 k - 8 scrolls of teleportation
 p - a scroll of random uselessness {unknown}
 s - 8 scrolls of remove curse
 t - a scroll of enchant weapon
 v - a scroll of enchant armour
 w - a scroll of immolation {unknown}
 y - 3 scrolls of amnesia
Potions
 d - 3 potions of might
 e - 6 potions of curing
 r - 4 potions of magic
 z - a potion of flight
Miscellaneous
 H - a crystal ball of energy
Comestibles
 f - 17 rations
 O - 2 chunks of flesh


   Skills:
 + Level 8.7 Fighting
 + Level 14.6 Axes
 + Level 8.6 Armour
 + Level 2.8 Dodging
 + Level 1.5 Stealth
   Level 8.3 Shields
 + Level 0.3 Invocations


You had 10 spell levels left.
You didn't know any spells.

Dungeon Overview and Level Annotations

Branches:
Dungeon (9/15)             Temple (0/1) D:7            Lair (0/6) D:8
    Orc (2/2) D:9             Elf (0/3) Orc:2

Altars:
Ashenzari
Cheibriados
Dithmenos
Elyvilon
Gozag
Kikubaaqudgha
Nemelex Xobeh
Ru
Trog
Uskayaw
Wu Jian
Xom
Zin
The Shining One

Shops:
D:5 %


Message History

Gorg roars a battlecry!
Your orc warriors go into a battle-frenzy!
You slice the orc warrior!!
You kill the orc warrior!
Beogh accepts your kill.
Olfik looks more experienced.
An orc comes into view. It is wielding a trident.
You feel as though your hastened speed will last longer.
The orc falls on its knees before you.
The orc warrior shoots a bolt.
The bolt hits you but does no damage. The bolt barely misses your orc.
A bolt appears from out of your range of vision.
The bolt closely misses the orc warrior.
Gorg hits the orc warrior with a +1 war axe.
The orc warrior unwields an uncursed arbalest.
The orc warrior wields an uncursed great mace.
The orc warrior barely misses Gorg.
The orc warrior shoots a bolt.
The bolt hits you!
You die...
Beogh appreciates the orc warrior's killing of a heretic priest.

#....#...#...............
#.....(.................
##.§§§§.................
#####..#§#§§§§.........#...
......§§§§§§§......#.......
.....§§§§§§§§.......#......
...##.§##§§##........#.....
...§§§.§§o##......#......
≈≈≈...)§.o@o§#..... #......
#≈≈≈≈...(§§§...... ##.....
###≈≈≈≈.)§...#.... ......
##≈≈≈≈o)).)#...# ....
.oo......... ..# ...
o)(o......... .# ...
#≈≈≈≈..o.o#.. ...
≈≈≈≈....oo#... ...


You could see 4 orc warriors, the friendly Gorg the orc knight, the friendly
Olfik the orc knight, 2 friendly orc warriors and 3 friendly orcs.

Vanquished Creatures
  The ghost of Teps the Severer, a journeyman HOFi of Beogh (Orc:2)
  Pikel (D:7)
  Joseph (D:7)
  The ghost of P0WERM0DE the Grave Robber, a novice OpNe of Cheibriados (D:9)
  Psyche (D:8)
  A hornet (D:9)
  2 hippogriffs
  Prince Ribbit (D:7)
  Sigmund (D:3)
  A spriggan (D:8)
  4 yaks (D:8)
  3 wargs (D:8)
  3 orc warriors
  2 sky beasts
  A slave (D:7)
  A black bear (D:7)
  3 ogres
  A phantom (D:8)
  4 centaurs
  A necrophage (D:6)
  3 bullfrogs
  2 big kobolds (D:5)
  A scorpion (D:8)
  A wyvern skeleton (D:7)
  4 wights (D:9)
  2 electric eels (D:8)
  A howler monkey (D:4)
  3 crimson imps
  4 hounds
  2 centaur skeletons
  4 jellies
  5 orc priests
  A bullfrog skeleton (D:6)
  7 orc wizards
  4 iguanas
  5 worker ants
  A hound skeleton (D:4)
  A howler monkey zombie (D:7)
  2 howler monkey skeletons
  A worker ant zombie (D:5)
  7 adders
  A shadow imp (D:8)
  An adder zombie (D:5)
  3 worms
  An adder skeleton (D:5)
  A dart slug (D:2)
  A leopard gecko (D:8)
  31 orcs
  6 giant cockroaches
  3 goblins
  12 hobgoblins
  13 jackals
  A quokka (D:8)
  2 ball pythons (D:4)
  A ball python skeleton (D:5)
  4 bats
  4 frilled lizards
  16 kobolds
  2 leopard gecko skeletons
  A quokka skeleton (D:9)
  11 rats
210 creatures vanquished.

Vanquished Creatures (collateral kills)
  An orc knight (Orc:2)
  A troll (Orc:1)
  A sky beast (D:9)
  12 orc warriors
  2 ogres
  3 centaurs (Orc:2)
  2 wights (D:9)
  A quasit (D:9)
  A crimson imp (D:8)
  A hound (D:9)
  4 orc wizards
  An orc priest (Orc:2)
  An adder zombie (D:9)
  4 orcs (Orc:2)
  A quokka skeleton (D:9)
  A plant (D:8)
37 creatures vanquished.

Vanquished Creatures (others)
  2 orc warriors (Orc:2)
  A slave (D:7)
  4 orc priests
  3 orc wizards
  21 orcs
31 creatures vanquished.

Grand Total: 278 creatures vanquished

Notes
Turn   | Place    | Note
-------+----------+-------------------------------------------
     0 | D:1      | JOKERXD40 the Hill Orc Fighter began the quest for the Orb.
     0 | D:1      | Reached XP level 1. HP: 19/19 MP: 1/1
   222 | D:1      | Reached XP level 2. HP: 21/27 MP: 2/2
   447 | D:1      | Reached skill level 3 in Axes
   760 | D:2      | Found a snail-covered altar of Cheibriados.
   764 | D:2      | Reached XP level 3. HP: 33/33 MP: 3/3
   802 | D:2      | Found a shattered altar of Ashenzari.
  1150 | D:3      | Found a hide-covered altar of Uskayaw.
  1177 | D:3      | Reached XP level 4. HP: 40/40 MP: 4/4
  1491 | D:3      | Found a white marble altar of Elyvilon.
  1523 | D:3      | Noticed Sigmund
  1552 | D:3      | Killed Sigmund
  1552 | D:3      | Reached skill level 5 in Axes
  1552 | D:3      | Reached XP level 5. HP: 43/47 MP: 5/5
  1552 | D:3      | Reached XP level 6. HP: 48/53 MP: 6/6
  2088 | D:4      | Found a glowing golden altar of the Shining One.
  2191 | D:4      | Became a worshipper of Beogh the Brigand
  2644 | D:5      | Entered Level 5 of the Dungeon
  2652 | D:5      | Reached skill level 6 in Axes
  2725 | D:5      | Reached XP level 7. HP: 58/60 MP: 7/7
  2729 | D:5      | Reached skill level 5 in Shields
  2732 | D:5      | Reached * piety under Beogh
  2738 | D:5      | Reached skill level 5 in Fighting
  2795 | D:5      | Reached skill level 7 in Axes
  2795 | D:5      | Reached skill level 1 in Dodging
  2884 | D:5      | Found Ottij's Food Shoppe.
  2916 | D:5      | Got a coiled copper ring
  2917 | D:5      | Identified the ring of Vax Rodd {*Drain rElec Str+4 Int+5} (You found it on level 5 of the Dungeon)
  3414 | D:5      | Found a shadowy altar of Dithmenos.
  3441 | D:5      | Reached skill level 5 in Armour
  3470 | D:5      | Found a glowing silver altar of Zin.
  3470 | D:5      | Found an opulent altar of Gozag.
  3536 | D:5      | Found a sacrificial altar of Ru.
  3631 | D:5      | Reached ** piety under Beogh
  3707 | D:5      | Found a shimmering altar of Xom.
  3718 | D:5      | Found a bloodstained altar of Trog.
  3841 | D:6      | Reached skill level 8 in Axes
  3841 | D:6      | Reached XP level 8. HP: 62/69 MP: 8/8
  4156 | D:6      | Reached skill level 9 in Axes
  4343 | D:7      | Noticed Prince Ribbit
  4351 | D:7      | Found a sparkling altar of Nemelex Xobeh.
  4390 | D:7      | Noticed Pikel
  4406 | D:7      | Killed Pikel
  4406 | D:7      | Reached skill level 10 in Axes
  4406 | D:7      | Reached XP level 9. HP: 61/75 MP: 9/9
  4503 | D:7      | Noticed Joseph
  4530 | D:7      | Killed Joseph
  4530 | D:7      | Reached skill level 11 in Axes
  4618 | D:7      | Found an ornate altar of the Wu Jian Council.
  4791 | D:7      | Found a staircase to the Ecumenical Temple.
  4957 | D:7      | Killed Prince Ribbit
  5145 | D:8      | Reached skill level 12 in Axes
  5158 | D:8      | Found a staircase to the Lair.
  5168 | D:8      | Reached XP level 10. HP: 86/86 MP: 10/10
  5173 | D:8      | Reached *** piety under Beogh
  5311 | D:8      | Found a transporter.
  5315 | D:8      | Found a transporter.
  7114 | D:8      | Reached skill level 13 in Axes
  7471 | D:8      | Noticed Psyche
  7480 | D:8      | Killed Psyche
  7504 | D:8      | Found an ancient bone altar of Kikubaaqudgha.
  7548 | D:8      | Gained Gorg as an ally
  8112 | D:9      | Found a shadowy altar of Dithmenos.
  8281 | D:9      | Noticed P0WERM0DE's ghost (novice OpNe)
  8292 | D:9      | Killed P0WERM0DE's ghost
  8292 | D:9      | Reached **** piety under Beogh
  8353 | D:9      | Found a staircase to the Orcish Mines.
  8366 | Orc:1    | Entered Level 1 of the Orcish Mines
  8486 | Orc:1    | Found a bloodstained altar of Trog.
  8499 | Orc:1    | Reached skill level 1 in Stealth
  8531 | Orc:1    | Gained Olfik as an ally
  8531 | Orc:1    | Reached skill level 14 in Axes
  8712 | Orc:2    | Entered Level 2 of the Orcish Mines
  8721 | Orc:2    | Found a staircase to the Elven Halls.
  8722 | Orc:2    | Reached XP level 11. HP: 88/94 MP: 11/11
  8824 | Orc:2    | Found a bloodstained altar of Trog.
  8899 | Orc:2    | Noticed Teps's ghost (journeyman HOFi)
  8910 | Orc:2    | Killed Teps's ghost
  8927 | Orc:2    | Noticed an orc knight
  8943 | Orc:2    | HP: 3/95 [orc warrior/bolt (7)]
  8952 | Orc:2    | Killed an orc knight
  8962 | Orc:2    | HP: 1/95 [orc warrior/bolt (6)]
  8965 | Orc:2    | Shot with a bolt by an orc warrior

Skill      XL: |  1  2  3  4  5  6  7  8  9 10 |
---------------+-------------------------------+-----
Axes           | 3 5 6 8 10 12 14 | 14.6
Fighting       | 4 5 6 7 8 |  8.7
Shields        | 4 5 6 7 8 |  8.3
Armour         | 4 5 6 8 |  8.6
Dodging        | 1 2 |  2.8
Stealth        | 1 |  1.5
Invocations    | |  0.3

Action                   |  1- 3 |  4- 6 |  7- 9 | 10-12 || total
-------------------------+-------+-------+-------+-------++-------
Melee: War axe           |   122 |   138 |   339 |   131 ||   730
       Battleaxe         |       |       |       |    71 ||    71
Invok: Convert to Beogh  |       |     1 |       |       ||     1
       Smiting           |       |       |       |     4 ||     4
  Use: Scroll            |     1 |     3 |     4 |    11 ||    19
       Potion            |       |       |       |     5 ||     5
 Stab: Distracted        |       |       |       |     2 ||     2
  Eat: Chunk             |       |     3 |     1 |     2 ||     6
       Ration            |       |     1 |     2 |     3 ||     6
Armor: Scale mail        |    52 |       |       |     7 ||    59
       Chain mail        |    16 |    90 |   158 |    61 ||   325
       Plate armour      |       |       |       |    15 ||    15
Dodge: Dodged            |    34 |    29 |    77 |    92 ||   232
Block: Shield            |    71 |    82 |   166 |    65 ||   384
